 Dungeon Crawl Stone Soup version 0.29-a0-266-gf56f883ddd (webtiles) character file.

Game seed: 6924834009049068239

2484 siradein the Scholar of Death (level 9, -30/67 HPs)
             Began as a Pale Draconian Necromancer on Mar 7, 2022.
             Was a Follower of Kikubaaqudgha.
             Killed from afar by Joseph (31 damage)
             ... with a bolt of acid
             ... on level 7 of the Dungeon.
             The game lasted 00:32:15 (8217 turns).

siradein the Scholar of Death (DrNe)                Turns: 8217, Time: 00:32:16

Health: -30/67     AC: 11    Str: 12    XL:     9   Next: 27%
Magic:  0/17       EV: 12    Int: 19    God:    Kikubaaqudgha [*.....]
Gold:   319        SH:  9    Dex: 17    Spells: 11/19 levels left

rFire   . . .      SeeInvis .   e - +0 morningstar
rCold   . . .      Faith    .   v - +0 kite shield
rNeg    . . .      Spirit   .   (body armour unavailable)
rPois   .          Reflect  .   (helmet restricted)
rElec   .          Harm     .   t - +0 cloak
rCorr   .          Rampage  .   q - +1 pair of gloves
Will    .....                   b - +0 pair of boots
Stlth   ++........              (no amulet)
HPRegen 0.21/turn               m - +6 ring of dexterity
MPRegen 0.15/turn               u - ring of wizardry

@: mesmerised
A: breathe steam, AC +7, unfitting armour, cold-blooded, steam resistance
a: Breathe Steam, Renounce Religion, Receive Corpses


You were on level 7 of the Dungeon.
You worshipped Kikubaaqudgha.
Kikubaaqudgha was aware of your devotion.
You visited 2 branches of the dungeon, and saw 8 of its levels.

You collected 319 gold pieces.

Inventory:

Hand Weapons
 e - a +0 morningstar (weapon)
Armour
 b - a +0 pair of boots (worn)
 q - a +1 pair of gloves (worn)
 t - a +0 cloak (worn)
 v - a +0 kite shield (worn)
Magical Staves
 o - a staff of death
Jewellery
 m - a +6 ring of dexterity (left hand)
 n - a ring of protection from cold
 u - a ring of wizardry (right hand)
Wands
 x - a wand of flame (16)
Scrolls
 g - a scroll of fog
 j - a scroll of enchant weapon {unknown}
 k - 2 scrolls of fear {unknown}
 l - 2 scrolls of magic mapping {unknown}
 r - a scroll of vulnerability {unknown}
 w - a scroll of blinking {unknown}
 y - a scroll of teleportation {unknown}
Potions
 a - 2 potions of magic
 c - 2 potions of lignification
 d - a potion of flight
 f - 4 potions of might
 h - a potion of heal wounds
 i - a potion of invisibility {unknown}
 p - 2 potions of resistance
 s - 3 potions of mutation {unknown}
 z - a potion of brilliance {unknown}


   Skills:
 + Level 2.2 Fighting
 + Level 5.1 Maces & Flails
 + Level 4.5 Dodging
 - Level 1.7 Stealth
 + Level 3.2 Shields
 + Level 5.5 Spellcasting
 * Level 8.5 Necromancy


You had 11 spell levels left.
You knew the following spells:

 Your Spells              Type           Power      Damage    Failure   Level
a - Pain                  Necr           100%       1d9       1%          1
b - Vampiric Draining     Necr           37%        2d8       1%          3
c - Animate Dead          Necr           18%        N/A       4%          4

Your spell library contained the following spells:

 Spells                   Type           Power      Damage    Failure   Level
 Animate Skeleton         Necr           74%        N/A       1%          1
 Agony                    Necr           37%        N/A       12%         5
 Slow                     Hex            20%        N/A       16%         1
 Confusing Touch          Hex            5%         N/A       38%         3


Dungeon Overview and Level Annotations

Branches:
Dungeon (7/15)             Temple (1/1) D:4

Altars:
Ashenzari
Cheibriados
Dithmenos
Elyvilon
Fedhas
Gozag
Hepliaklqana
Kikubaaqudgha
Makhleb
Nemelex Xobeh
Okawaru
Qazlal
Ru
Sif Muna
Trog
Uskayaw
Vehumet
Wu Jian
Xom
Yredelemnul
Zin
The Shining One

Shops:
D:3 *   D:4 *

Annotations:
D:7 Joseph, Maggie


Innate Abilities, Weirdness & Mutations

You can breathe blasts of scalding, opaque steam.
Your pale cyan-grey scales are hard. (AC +7)
You cannot fit into any form of body armour.
You are cold-blooded and may be slowed by cold attacks.
You are immune to the effects of steam.


Message History

You hit Maggie. You tail-slap Maggie.
Maggie is severely wounded.
You block Maggie's attack.
Unknown command.
Unknown command.
Unknown command.
You barely miss Maggie. You tail-slap Maggie, but do no damage.
Maggie is severely wounded.
The howler monkey hoots and howls with incredible vigour!
Maggie hits you with a +2 morningstar of flaming!
Maggie burns you.
Joseph shoots a sling bullet.
The sling bullet hits you but does no damage.
The steam dragon breathes steam at you. The ball of steam hits you. You resist.
You block something's attack. Maggie completely misses you.
Unknown command.
Unknown command.
You are too injured to fight recklessly!
Unknown command.
Unknown command.
Casting: Vampiric Draining (safe; 1% risk of failure)
Confirm with . or Enter, or press ? or * to list all spells.
Aiming: Vampiric Draining (safe; 1% risk of failure)
Press: ? - help, Shift-Dir - straight line, f/p - Maggie
Aim: Maggie, wielding a +2 morningstar of flaming and wearing +2 swamp dragon scales (severely wounded, mesmerising)
You draw life force from Maggie!
You feel life coursing into your body.
The steam dragon bites you but does no damage.
The steam dragon claws you. You block the orc's attack.
Something barely misses you.
Maggie says, "Fear not.
I will immortalize you in the tale of my first kill."
Maggie gestures at you while chanting. The bolt of fire hits you!!
* * * LOW HITPOINT WARNING * * *
Joseph zaps a wand.
The bolt of acid hits the orc!!
The acid corrodes the orc!
The orc dies!
The bolt of acid hits the orc!!!
The acid corrodes the orc!
The orc dies!
The bolt of acid hits you!!
You die...
Kikubaaqudgha rasps: "You have failed me!
Welcome... death!"

#..#. .... ...
###..# #....#
#....# #..D.###..
#.@))@....
#ยง#@)c....
###h........
##...../....
.(...).....
##.......... ..
##.....(..... ...
##..)...?.....
...##.............


You could see Joseph, Maggie (mesmerising), a steam dragon (catching breath), a
centaur and a howler monkey (catching breath).

Vanquished Creatures
  A troll (D:6)
  Eustachio (D:4)
  A steam dragon (D:6)
  An ice beast (D:6)
  An orc warrior (D:7)
  2 sky beasts
  An ogre (D:6)
  A phantom (D:6)
  A centaur (D:7)
  A kobold brigand (D:4)
  A bullfrog (D:6)
  A necrophage (D:5)
  2 scorpions
  5 killer bees
  4 howler monkeys
  4 hounds
  3 jellies
  An orc priest (D:7)
  Natasha (thrice) (D:2)
  5 iguanas
  An orc wizard (D:7)
  12 adders
  A gnoll (D:1)
  A shadow imp (D:6)
  A white imp (D:6)
  4 ufetubi
  2 worms
  4 dart slugs
  5 orcs (D:7)
  5 ball pythons
  5 bats
  5 endoplasms
  2 giant cockroaches
  5 goblins
  8 hobgoblins
  7 kobolds
  4 quokkas
  A frilled lizard (D:1)
  8 rats
121 creatures vanquished.

Vanquished Creatures (others)
  2 orcs (D:7)
2 creatures vanquished.

Grand Total: 123 creatures vanquished

Notes
Turn   | Place    | Note
-------+----------+-------------------------------------------
     0 | D:1      | siradein the Draconian Necromancer began the quest for the
                  | Orb.
     0 | D:1      | Reached XP level 1. HP: 14/14 MP: 3/3
    61 | D:1      | Reached XP level 2. HP: 9/20 MP: 0/5
  1076 | D:1      | Reached XP level 3. HP: 26/26 MP: 5/7
  1080 | D:1      | Learned a level 3 spell: Vampiric Draining
  1401 | D:1      | Found a faded altar of an unknown god.
  1601 | D:2      | Noticed Natasha
  2061 | D:2      | Reached skill level 1 in Maces & Flails
  2213 | D:2      | Reached XP level 4. HP: 30/33 MP: 4/8
  2366 | D:2      | Killed Natasha
  2745 | D:2      | Noticed Natasha
  2750 | D:2      | Killed Natasha
  2751 | D:2      | Reached skill level 5 in Necromancy
  2903 | D:2      | Noticed Natasha
  2907 | D:2      | Killed Natasha
  2908 | D:2      | Reached XP level 5. HP: 34/38 MP: 4/10
  3162 | D:3      | Learned a level 4 spell: Animate Dead
  3556 | D:3      | Found an iron altar of Okawaru.
  3647 | D:3      | Found Jacicw's Assorted Antiques.
  4150 | D:4      | Noticed a sky beast
  4158 | D:4      | Found Zegreis's Elemental Accessories.
  4220 | D:3      | Reached XP level 6. HP: 33/45 MP: 0/11
  4414 | D:4      | Killed a sky beast
  4415 | D:4      | Reached skill level 6 in Necromancy
  4502 | D:4      | Found a staircase to the Ecumenical Temple.
  4512 | Temple   | Entered the Ecumenical Temple
  4610 | Temple   | Became a worshipper of Kikubaaqudgha
  4851 | D:4      | Noticed Eustachio
  4874 | D:4      | Killed Eustachio
  4875 | D:4      | Your scales start taking on a pale cyan-grey colour.
  4875 | D:4      | Reached XP level 7. HP: 32/50 MP: 1/13
  4875 | D:4      | Gained mutation: You are immune to the effects of steam.
                  | [Pale Draconian growth]
  5175 | D:4      | Found a glowing silver altar of Zin.
  5394 | D:5      | Entered Level 5 of the Dungeon
  5715 | D:5      | Reached skill level 7 in Necromancy
  5755 | D:5      | Reached skill level 1 in Shields
  5925 | D:5      | Reached XP level 8. HP: 57/57 MP: 13/15
  6640 | D:6      | Reached * piety under Kikubaaqudgha
  6640 | D:6      | Received a gift from Kikubaaqudgha
  6768 | D:6      | Reached skill level 5 in Spellcasting
  7179 | D:6      | Found a glowing golden altar of the Shining One.
  7189 | D:6      | Noticed a troll
  7206 | D:6      | Killed a troll
  7207 | D:6      | Reached skill level 1 in Fighting
  7207 | D:6      | Reached skill level 8 in Necromancy
  7223 | D:6      | Reached XP level 9. HP: 64/64 MP: 5/17
  8062 | D:7      | Noticed Joseph
  8109 | D:7      | Reached skill level 5 in Maces & Flails
  8129 | D:7      | Noticed Maggie
  8217 | D:7      | HP: 1/67 [Maggie/bolt of fire (32)]
  8217 | D:7      | Killed from afar by Joseph

Illustrated notes

Levels and vault maps discovered:
D:1:      lightli_molten_gateway, layout_basic,
          hellmonk_ecumenical_altar_pennies_from_heaven
D:2:      layout_basic, uniq_natasha
D:3:      layout_rooms, serial_shops, nicolae_shop_stone, kennysheep_flooded_box
D:4:      layout_cave_pools, mainiacjoe_overflow_concentric_impassable,
          minmay_temple_entry_ruins, nicolae_elemental_shop,
          minmay_fractal_squares_5, uniq_eustachio
D:5:      layout_layer_cave, serial_co_window_serial, co_window_paths_b,
          co_window_paths_a, co_window_corner_a, co_window_corner_a,
          co_window_cross_1, co_window_corner_a, co_window_cross_2,
          co_window_unsneaky_path_d, co_window_cross_4, co_window_corner_b,
          co_window_unsneaky_path_c, co_window_broadway_b, glass_columns_a,
          glass_columns_a, glass_columns_a
D:6:      layout_layer_cave, kennysheep_small_circle
D:7:      layout_rooms, corexii_checkpoint_b, uniq_maggie, uniq_joseph
Temple:   mainiacjoe_temple_hex_bubbles

Skill      XL: |  1  2  3  4  5  6  7  8  9 |
---------------+----------------------------+-----
Maces & Flails | 1 2 3 4 5 |  5.1
Spellcasting   | 3 4 5 |  5.5
Necromancy     | 5 6 7 8 |  8.5
Dodging        | 2 3 4 |  4.5
Shields        | 1 2 3 |  3.2
Fighting       | 1 2 |  2.2
Stealth        | |  1.7

Action                   |  1- 3 |  4- 6 |  7- 9 || total
-------------------------+-------+-------+-------++-------
Melee: Spear             |     6 |       |       ||     6
       Short sword       |     1 |       |       ||     1
       Mace              |    20 |    26 |    81 ||   127
       Tailslap          |     2 |     6 |    14 ||    22
       Punch             |       |       |     1 ||     1
       Morningstar       |       |       |    45 ||    45
 Cast: Pain              |    63 |    45 |       ||   108
       Vampiric Draining |       |    14 |    22 ||    36
       Animate Dead      |       |       |     2 ||     2
 Abil: Breathe Steam     |       |       |    32 ||    32
  Use: Scroll            |       |       |     6 ||     6
 Stab: Sleeping          |       |     1 |     2 ||     3
       Distracted        |       |       |     1 ||     1
Armor: Skin              |    20 |    31 |    75 ||   126
Dodge: Dodged            |    29 |    59 |   104 ||   192
Block: Kite shield       |       |       |    63 ||    63

Table legend: (Time is in decaauts)
 A = Elapsed time spent in this place.
 B = Non-inter-level travel time spent in this place.
 C = Inter-level travel time spent in this place.
 D = Time resting spent in this place.
 E = Time spent auto-exploring this place.
 F = Levels seen in this place.
 G = Mean time per level.
                   A        B        C        D        E       F      G
               +--------+--------+--------+--------+--------+-----+--------+
         Total |   8284 |   8131 |    153 |    621 |   6255 |   8 | 1035.5 |
       Dungeon |   8016 |   7863 |    153 |    621 |   6039 |   7 | 1145.1 |
        Temple |    267 |    267 |      0 |      0 |    216 |   1 |  267.0 |
               +--------+--------+--------+--------+--------+-----+--------+

Top non-repeatable levels by time:
     D:1: 1728 daAuts
     D:6: 1616 daAuts
     D:2: 1403 daAuts
     D:5: 1178 daAuts
     D:3: 1105 daAuts
     D:4: 912 daAuts
  Temple: 267 daAuts
     D:7: 71 daAuts
